 Dungeon Crawl Stone Soup version 0.24-a0-282-g1a68c911f0 (webtiles) character file.

Game seed: 12851853222970493263

3447 HELP the Covert (level 9, -1/41 HPs)
             Began as a Spriggan Enchanter on May 2, 2019.
             Was an Initiate of Gozag.
             Killed by divine providence
             ... invoked by an orc priest
              (13 damage)
             ... on level 8 of the Dungeon on May 3, 2019.
             The game lasted 00:35:09 (9740 turns).

HELP the Covert (Spriggan Enchanter)                Turns: 9740, Time: 00:35:09

Health: -1/41      AC:  7    Str:  4    XL:     9   Next: 77%
Magic:  0/20       EV: 22    Int: 19    God:    Gozag
Gold:   532        SH:  0    Dex: 17    Spells: 11/22 levels left

rFire    + . .     SeeInvis +   a - +1 dagger
rCold    . . .     Gourm    .   (shield restricted)
rNeg     . . .     Faith    .   r - +2 robe {rF+}
rPois    .         Spirit   .   (helmet restricted)
rElec    .         Reflect  .   u - +2 cloak
rCorr    .         Harm     .   (gloves unavailable)
MR       +....                  (boots unavailable)
Stlth    +++++.....             (no amulet)
HPRegen  0.13/turn              (no ring)
MPRegen  0.17/turn              (no ring)

@: gold aura, very quick
A: very small, unfitting armour, see invisible, herbivore, speed 3, slow
metabolism 2
a: Potion Petition, Call Merchant, Bribe Branch, Renounce Religion


You were on level 8 of the Dungeon.
You worshipped Gozag.
Gozag was pleased with you.
You were not hungry.

You visited 2 branches of the dungeon, and saw 9 of its levels.

You collected 989 gold pieces.
You spent 352 gold pieces at shops.
You paid 105 gold pieces to Gozag.

Inventory:

Hand Weapons
 a - a +1 dagger (weapon)
 b - a +0 hunting sling
 l - a +1 antimagic spear
 o - the +7 flail of Immorality {elec, Dex+4, unknown}
   (You found it on level 4 of the Dungeon)

   Occasionally, upon striking a foe, it will discharge some electrical energy
   and cause terrible harm.
   It affects your dexterity (+4).
Missiles
 e - 113 stones (quivered)
 f - 62 sling bullets
 m - 35 poisoned needles
 w - 77 arrows
 D - a throwing net
Armour
 r - a +2 robe of fire resistance (worn)
 u - a +2 cloak (worn)
Wands
 x - a wand of acid (5)
 y - a wand of random effects (18)
Scrolls
 c - 11 scrolls of identify
 g - 3 scrolls of fog {unknown}
 j - 3 scrolls of magic mapping {unknown}
 n - 6 scrolls of remove curse
 q - 2 scrolls of amnesia {unknown}
 s - 4 scrolls of teleportation {unknown}
 t - a scroll of blinking {unknown}
 C - a scroll of enchant armour {unknown}
 F - a scroll of fear {unknown}
Potions
 h - 2 potions of curing
 i - 3 potions of haste
 k - a potion of heal wounds
 p - 5 potions of flight
 v - 2 potions of brilliance
 z - 3 potions of lignification
 A - a potion of agility
 B - a potion of might
 E - a potion of magic {unknown}
Comestibles
 d - 6 rations


   Skills:
 - Level 1.2 Fighting
 - Level 1.1 Short Blades
 + Level 6.6 Dodging
 + Level 11.5 Stealth
 - Level 7.1 Spellcasting
 - Level 10.1 Hexes
 * Level 7.1 Transmutations


You had 11 spell levels left.
You knew the following spells:

 Your Spells              Type           Power        Failure   Level  Hunger
a - Corona                Hex            #####..      1%          1    None
b - Sticks to Snakes      Tmut           ####....     1%          2    None
c - Confuse               Hex            #####...     1%          3    #......
d - Tukima's Dance        Hex            #####...     1%          3    #......
z - Ensorcelled Hibernat  Hex/Ice        ####..       1%          2    None

Your spell library contained the following spells:

 Spells                   Type           Power        Failure   Level  Hunger
 Beastly Appendage        Tmut           ####..       1%          1    None
 Dazzling Spray           Conj/Hex       ####..       3%          3    #......
 Spider Form              Tmut/Pois      ###.......   7%          3    #......
 Blade Hands              Tmut           ####......   14%         5    #####..
 Ice Form                 Ice/Tmut       ###.....     22%         4    ###....


Dungeon Overview and Level Annotations

Branches:
Dungeon (8/15)             Temple (1/1) D:4
   Lair: D:8-11

Altars:
Ashenzari
Cheibriados
Dithmenos
Fedhas
Gozag
Hepliaklqana
Kikubaaqudgha
Makhleb
Nemelex Xobeh
Okawaru
Qazlal
Ru
Sif Muna
Trog
Uskayaw
Vehumet
Wu Jian
Xom
Yredelemnul
The Shining One

Shops:
D:5 *!


Innate Abilities, Weirdness & Mutations

You are very small and have problems with some larger weapons.
You are too small for most types of armour.
You have supernaturally acute eyesight. (SInv)
You are a herbivore.
You cover ground extremely quickly.
You need to consume almost no food.


Message History

The orc wizard is moderately wounded.
The orc wizard hits you with a +0 dagger.
The orc priest closely misses you.
You catch the helpless orc wizard completely off-guard!
You impale the orc wizard!!
You kill the orc wizard!
The orc priest completely misses you.
Casting: Ensorcelled Hibernation (safe; 1% risk of failure)
Confirm with . or Enter, or press ? or * to list all spells.
Aiming: Ensorcelled Hibernation (safe; 1% risk of failure)
Press: ? - help, Shift-Dir - straight line, f/p - orc priest
Aim: an orc priest (chance to defeat MR: 55%)
The orc priest resists with significant effort.
The orc priest hits you.
* * * LOW HITPOINT WARNING * * *
The orc wizard closely misses you.
The orc priest calls down the wrath of Beogh upon you.
Beogh smites you!
You die...
Your body crumbles into a pile of gold.

..#...# #.............#
.......###.............#### .
........##..$.......$...... ..
........##..............####...
../.....##.?...................
......$.#............##.....#
..............$......##...#....
######.$##...o.......#....#....
#.......$o@......$#......
#..###..?.....#..($.......
#...............##...##.$.
##.###........$$.o...## ...
#..............$.$###...# ..
###..o#..............# ##.#
##..(# #..............# .# #
oo.<.# #..............# # ..
.##.## #..............## ...


You could see an orc warrior, an orc priest and an orc wizard (confused).

Vanquished Creatures
  A wyvern (D:8)
  3 ice beasts
  A phantom (D:8)
  A necrophage (D:8)
  A black bear (D:8)
  3 centaurs
  5 bullfrogs
  3 scorpions
  4 killer bees (D:6)
  3 wights (D:7)
  A howler monkey (D:5)
  6 crimson imps
  5 hounds
  4 orc priests
  2 centaur skeletons
  A jelly (D:5)
  4 orc wizards
  A bullfrog skeleton (D:5)
  Terence (D:3)
  4 worker ants
  2 hound zombies
  A hound skeleton (D:8)
  A worker ant zombie (D:5)
  5 gnolls
  8 adders
  A shadow imp (D:2)
  2 oozes
  An adder zombie (D:3)
  An adder skeleton (D:3)
  A worm (D:3)
  3 dart slugs
  2 leopard geckos
  10 orcs
  6 bats
  11 giant cockroaches
  12 goblins
  3 hobgoblins
  11 jackals
  11 kobolds
  2 quokkas
  4 ball pythons
  6 frilled lizards
  A jackal skeleton (D:3)
  A jackal zombie (D:3)
  A leopard gecko skeleton (D:3)
  A quokka skeleton (D:6)
  13 rats
175 creatures vanquished.

Vanquished Creatures (collateral kills)
  A two-headed ogre (D:7)
  An ogre (D:8)
  Blork the orc (D:5)
3 creatures vanquished.

Vanquished Creatures (others)
  A dancing weapon (D:7)
1 creature vanquished.

Grand Total: 179 creatures vanquished

Notes
Turn   | Place    | Note
-------+----------+-------------------------------------------
     0 | D:1      | HELP the Spriggan Enchanter began the quest for the Orb.
     0 | D:1      | Reached XP level 1. HP: 9/9 MP: 5/5
     6 | D:1      | Noticed a killer bee
     6 | D:1      | Noticed a lindwurm
     6 | D:1      | Noticed a rime drake
     6 | D:1      | Noticed a hound
   394 | D:1      | Reached XP level 2. HP: 13/13 MP: 6/6
   403 | D:1      | Learned a level 2 spell: Ensorcelled Hibernation
  1168 | D:1      | Reached skill level 5 in Stealth
  1168 | D:1      | Reached XP level 3. HP: 16/16 MP: 3/8
  1816 | D:2      | Learned a level 3 spell: Confuse
  2247 | D:2      | Reached XP level 4. HP: 12/21 MP: 5/10
  2254 | D:2      | Reached skill level 5 in Hexes
  2951 | D:3      | Found a faded altar of an unknown god.
  3096 | D:2      | Reached XP level 5. HP: 18/24 MP: 4/11
  3261 | D:3      | Reached skill level 6 in Stealth
  3436 | D:3      | Found a sacrificial altar of Ru.
  3510 | D:3      | Noticed Terence
  3526 | D:3      | Killed Terence
  4111 | D:4      | Found a staircase to the Ecumenical Temple.
  4128 | D:4      | Learned a level 2 spell: Sticks to Snakes
  4132 | D:4      | Learned a level 3 spell: Tukima's Dance
  4197 | D:4      | Got an encrusted flail
  4245 | D:4      | Reached XP level 6. HP: 28/28 MP: 4/13
  4333 | D:4      | Found a shattered altar of Ashenzari.
  4889 | D:5      | Entered Level 5 of the Dungeon
  4914 | Temple   | Entered the Ecumenical Temple
  4996 | Temple   | Became a worshipper of Gozag Ym Sagoz the Greedy
  5078 | D:5      | Noticed an ice beast
  5108 | D:5      | Killed an ice beast
  5108 | D:5      | Reached skill level 7 in Stealth
  5770 | D:5      | Reached skill level 5 in Spellcasting
  5855 | D:5      | Reached XP level 7. HP: 32/32 MP: 7/15
  6066 | D:5      | Found Lelauxaf's Distillery.
  6067 | D:5      | Noticed Blork the orc
  6076 | D:5      | Killed Blork the orc
  6084 | D:5      | Bought a potion of mutation for 88 gold pieces
  6084 | D:5      | Bought a potion of agility for 44 gold pieces
  6084 | D:5      | Bought a potion of haste for 110 gold pieces
  6084 | D:5      | Bought a potion of flight for 33 gold pieces
  6084 | D:5      | Bought a potion of might for 44 gold pieces
  6234 | D:5      | Bought a potion of lignification for 33 gold pieces
  6245 | D:5      | Found Ryfaekk's Elemental Accessories.
  6478 | D:5      | Reached skill level 8 in Stealth
  6728 | D:6      | Reached XP level 8. HP: 36/36 MP: 15/18
  6937 | D:6      | Found an ornate altar of the Wu Jian Council.
  7029 | D:6      | Reached skill level 9 in Stealth
  7741 | D:6      | Reached skill level 10 in Hexes
  7904 | D:6      | Found a deep blue altar of Sif Muna.
  8200 | D:7      | Reached skill level 1 in Fighting
  8208 | D:7      | Reached skill level 10 in Stealth
  8364 | D:7      | Noticed a two-headed ogre
  8379 | D:7      | Killed a two-headed ogre
  8379 | D:7      | Reached XP level 9. HP: 18/41 MP: 14/20
  8702 | D:7      | Reached skill level 5 in Dodging
  9343 | D:8      | Reached skill level 5 in Transmutations
  9352 | D:8      | Reached skill level 11 in Stealth
  9740 | D:8      | Killed from afar by an orc priest

Levels and vault maps discovered:
D:1:      onia_arrival_zoo_common, layout_basic, serial_bayou_pond_c
D:2:      minmay_kobold_bridge, layout_basic
D:3:      layout_rooms, nicolae_overflow_crystal_walls,
          chequers_ecumenical_altar_simple_redux, serial_undead,
          serial_undead_b, serial_undead_e, serial_undead_c, serial_undead_d,
          chequers_serial_rivers_micro_e, hex_tiny, uniq_terence
D:4:      layout_loops_ring, lemuel_crystal_altar,
          minmay_temple_entry_offerings, minmay_misc_feat_chi
D:5:      layout_basic, serial_shops, shop_statue, first_ration,
          nicolae_elemental_shop, uniq_blork_the_orc
D:6:      layout_cave_pods, lemuel_round_altar, basic_altar,
          serial_column_ruins, column_ruins_open_tiny_water,
          column_ruins_grid_1, column_ruins_open_small, column_ruins_open_tiny,
          column_ruins_corridor_straight, column_ruins_grid_1,
          column_ruins_grid_4
D:7:      layout_loops_ring
D:8:      layout_rooms, kennysheep_little_box, basic_altar
Temple:   regret_index_temple_mists

Skill      XL: |  1  2  3  4  5  6  7  8  9 |
---------------+----------------------------+-----
Hexes          | 4 5 6 7 8 10 | 10.1
Spellcasting   | 3 4 5 6 7 |  7.1
Stealth        | 5 6 7 8 10 11 | 11.5
Fighting       | 1 |  1.2
Dodging        | 4 6 |  6.6
Transmutations | 4 7 |  7.1
Short Blades   | |  1.1

Action                   |  1- 3 |  4- 6 |  7- 9 || total
-------------------------+-------+-------+-------++-------
Melee: Dagger            |   145 |   221 |   251 ||   617
 Cast: Corona            |     8 |     7 |     4 ||    19
       Ensorcelled Hiber |    15 |    49 |    55 ||   119
       Confuse           |     1 |    16 |    27 ||    44
       Tukima's Dance    |       |       |     5 ||     5
  Use: Potion            |     1 |       |     1 ||     2
       Scroll            |       |     2 |     2 ||     4
 Stab: Sleeping          |    24 |    34 |    44 ||   102
       Confused          |     1 |    14 |    17 ||    32
       Distracted        |     1 |     1 |     2 ||     4
  Eat: Ration            |       |     3 |     3 ||     6
Armor: Robe              |    24 |    30 |    31 ||    85
Dodge: Dodged            |   103 |   216 |   208 ||   527

Table legend:
 A = Non-vault XP
 B = Vault XP
 C = Vault XP percentage of total XP
 D = Non-vault monster count
 E = Vault monster count
 F = Vault count percentage of total count
                 A         B        C        D         E       F
            +---------+---------+-------+---------+---------+-------
      Total |    4777 |     148 |   3.0 |     166 |      12 |   6.7
            +---------+---------+-------+---------+---------+-------
        D:1 |      52 |       0 |   0.0 |      24 |       0 |   0.0
        D:2 |      80 |       5 |   5.9 |      26 |       4 |  13.3
        D:3 |      77 |      87 |  53.0 |      23 |       7 |  23.3
        D:4 |     166 |       0 |   0.0 |      10 |       0 |   0.0
        D:5 |     701 |      56 |   7.4 |      25 |       1 |   3.8
        D:6 |    1222 |       0 |   0.0 |      26 |       0 |   0.0
        D:7 |    1363 |       0 |   0.0 |      16 |       0 |   0.0
        D:8 |    1116 |       0 |   0.0 |      16 |       0 |   0.0
            +---------+---------+-------+---------+---------+-------
